[Event "17th Asian Continental-ch Women 2018"]
[Site "Makati City"]
[Date "2018.12.16"]
[Round "7.6"]
[White "Nakhbayeva, Guliskhan"]
[Black "Aulia, Medina Warda"]
[Result "0-1"]
[ECO "A00"]
[WhiteElo "2371"]
[BlackElo "2366"]
[PlyCount "120"]
[EventDate "2018.12.07"]
[EventType "swiss"]
[EventCountry "PHI"]
[TimeControl "40/5400+30:1800+30"]

1. d4 e6 2. c4 Bb4+ 3. Nc3 c5 4. e3 cxd4 5. exd4 d5 6. Nf3 Ne7 7. c5 Nbc6 8. Bb5 O-O 9. Bd2 e5 10. a3 Bxc3 11. bxc3 exd4 12. Nxd4 Ne5 13. O-O Qc7 14. Bf4 N7g6 15. Bg3 Qxc5 16. f4 Ng4 17. f5 Ne3 18. Qd3 Nxf1 19. Rxf1 Ne7 20. f6 gxf6 21. Rxf6 Be6 22. h4 Rac8 23. Kh2 Qxc3 24. Qd1 a6 25. Rxe6 fxe6 26. Qg4+ Ng6 27. Bd7 Rcd8 28. Qxe6+ Rf7 29. Be8 Rxe8 30. Qxe8+ Nf8 31. Qe5 Qd3 32. Qxd5 h5 33. a4 Qg6 34. Nf3 Qf5 35. Ne5 Ne6 36. Qd6 Rg7 37. Nd7 b5 38. axb5 axb5 39. Qb8+ Kh7 40. Qd6 b4 41. Qxe6 Qxe6 42. Nf8+ Kg8 43. Nxe6 Rxg3 44. Kxg3 b3 45. Nf4 b2 46. Nxh5 b1=Q 47. Nf4 Qf5 48. Kf3 Qf6 49. g3 Kf7 50. Kg4 Qe5 51. Kf3 Kf6 52. Kg4 Qf5+ 53. Kf3 Qc2 54. Nd5+ Ke5 55. Nf4 Qd1+ 56. Ke3 Qb3+ 57. Kf2 Ke4 58. Kg2 Qc2+ 59. Kh3 Kf3 60. h5 Qf5+ 0-1

[Event "17th Asian Continental-ch Women 2018"]
[Site "Makati City"]
[Date "2018.12.16"]
[Round "7.7"]
[White "Li, Yunshan"]
[Black "Hoang, Thi Bao Tram"]
[Result "1-0"]
[ECO "A00"]
[WhiteElo "2196"]
[BlackElo "2314"]
[PlyCount "171"]
[EventDate "2018.12.07"]
[EventType "swiss"]
[EventCountry "PHI"]
[TimeControl "40/5400+30:1800+30"]

1. d4 d5 2. c4 c6 3. cxd5 cxd5 4. Bf4 Qb6 5. Nc3 e6 6. e3 Bd7 7. Bd3 Nf6 8. Nge2 Be7 9. O-O O-O 10. a3 Rc8 11. h3 Bc6 12. b4 a6 13. Na4 Qd8 14. Qb3 Nbd7 15. Nec3 Ne4 16. Bxe4 dxe4 17. d5 Bxa4 18. Nxa4 b5 19. Nc3 e5 20. Bg3 Rc4 21. Rac1 Rac8 22. Ne2 Nb6 23. Bxe5 Qxd5 24. Rxc4 Nxc4 25. Bd4 Qh5 26. Ng3 Qg6 27. Rc1 h5 28. a4 Bh4 29. Nf1 Qf5 30. Qa2 Kh7 31. Ng3 Qd5 32. Ra1 Rd8 33. Ne2 Rd6 34. axb5 axb5 35. Nc3 Qf5 36. Qc2 Rg6 37. Nxe4 Bxf2+ 38. Qxf2 Qxe4 39. Rf1 Nd6 40. Qf3 Qxf3 41. Rxf3 Re6 42. Rf2 Kg6 43. Ra2 Nc4 44. Kf2 Ne5 45. Ke2 Nc6 46. Bc5 Kg5 47. Rd2 Re4 48. Rd7 Kg6 49. Rd6+ Re6 50. Rd7 Re4 51. Kf3 Re5 52. Rb7 Rf5+ 53. Ke2 Kg5 54. Rb6 Rf6 55. g3 Kf5 56. Rxb5 Ke4 57. Rb7 Rf3 58. b5 Ne5 59. b6 Rxg3 60. Rc7 Rg2+ 61. Kd1 Rb2 62. Bd4 Rb4 63. b7 f6 64. Ba7 Nc6 65. Rxc6 Rxb7 66. Bd4 Kf3 67. Rc5 h4 68. Rh5 Kg3 69. Rh7 Rf7 70. Ke2 Kxh3 71. Kf3 Rf8 72. Rxg7 Kh2 73. Rg6 h3 74. Rxf6 Re8 75. Rh6 Rf8+ 76. Ke2 Rf5 77. e4 Rb5 78. e5 Kg2 79. Rg6+ Kh1 80. Rg1+ Kh2 81. Rf1 Kg2 82. Rf2+ Kg3 83. Rf3+ Kg2 84. Rf2+ Kg3 85. e6 h2 86. Rxh2 1-0

[Event "17th Asian Continental-ch Women 2018"]
[Site "Makati City"]
[Date "2018.12.16"]
[Round "7.8"]
[White "Fronda, Jan Jodilyn"]
[Black "Nguyen, Thi Thanh An"]
[Result "0-1"]
[ECO "A00"]
[WhiteElo "2139"]
[BlackElo "2262"]
[PlyCount "160"]
[EventDate "2018.12.07"]
[EventType "swiss"]
[EventCountry "PHI"]
[TimeControl "40/5400+30:1800+30"]

1. e4 c5 2. Nf3 Nc6 3. Bb5 d6 4. O-O Bd7 5. c3 Nf6 6. Re1 a6 7. Bxc6 Bxc6 8. e5 dxe5 9. Nxe5 Qd5 10. Nxc6 Qxc6 11. d4 Rd8 12. Be3 e6 13. Nd2 cxd4 14. cxd4 Be7 15. Rc1 Qd7 16. Nc4 O-O 17. Qb3 Qd5 18. Rc2 h6 19. h3 Rc8 20. Rec1 Rfd8 21. Nd2 Rxc2 22. Rxc2 Qxb3 23. Nxb3 Nd5 24. Na5 Rb8 25. Kf1 Bd6 26. Nc4 Rc8 27. Na3 Rd8 28. Nc4 Nb4 29. Rc3 Nxa2 30. Rb3 b5 31. Nxd6 Rxd6 32. Ke2 b4 33. Rd3 a5 34. Rd1 a4 35. d5 exd5 36. Rd4 Rc6 37. Kd3 a3 38. bxa3 b3 39. Ra4 Rc3+ 40. Kd2 Rc2+ 41. Kd3 Rc3+ 42. Kd2 b2 43. Ra8+ Kh7 44. Rb8 Rxa3 45. Rxb2 Nc3 46. f3 Nd1 47. Kxd1 Rxe3 48. Rd2 Re5 49. f4 Re4 50. Rxd5 Rxf4 51. Ke2 Kg6 52. g4 f6 53. Ra5 Kh7 54. Rb5 g5 55. Rb3 Kg6 56. Rf3 Rxf3 57. Kxf3 h5 58. Ke3 f5 59. gxf5+ Kxf5 60. Kf3 Ke5 61. Ke3 Kd5 62. Kd3 Kd6 63. Kd4 Ke6 64. Ke4 Kf6 65. Kf3 Kf5 66. Kg3 Ke4 67. Kg2 Ke3 68. Kg3 Ke2 69. h4 g4 70. Kg2 Ke3 71. Kg3 Ke4 72. Kf2 Kd3 73. Kf1 Ke3 74. Kg2 Ke2 75. Kg3 Kf1 76. Kf4 Kf2 77. Kg5 g3 78. Kxh5 g2 79. Kh6 g1=Q 80. h5 Qg4 0-1

[Event "17th Asian Continental-ch Women 2018"]
[Site "Makati City"]
[Date "2018.12.16"]
[Round "7.9"]
[White "Citra, Dewi Ardhiani Anast"]
[Black "Ning, Kaiyu"]
[Result "0-1"]
[ECO "A00"]
[WhiteElo "2215"]
[BlackElo "2247"]
[PlyCount "146"]
[EventDate "2018.12.07"]
[EventType "swiss"]
[EventCountry "PHI"]
[TimeControl "40/5400+30:1800+30"]

1. b3 d5 2. Bb2 Bf5 3. e3 e6 4. Ne2 Nf6 5. Ng3 Bg6 6. d3 Bd6 7. f4 Nc6 8. Qf3 h5 9. h4 Bf5 10. Nd2 Bg4 11. Qf2 e5 12. fxe5 Bxe5 13. d4 Bd6 14. Bb5 O-O 15. Bxc6 bxc6 16. O-O Bd7 17. Nf5 Ng4 18. Qe1 Bxf5 19. Rxf5 Re8 20. Rf3 c5 21. dxc5 Bxc5 22. Nf1 Qd6 23. Qc3 f6 24. Bc1 Re4 25. Ng3 Rae8 26. Nxe4 dxe4 27. Qc4+ Kh8 28. Rh3 Qd1+ 29. Qf1 Qxc2 30. b4 Bxb4 31. Bb2 Qxb2 32. Rb1 Qc3 33. Qb5 Rd8 34. Qxh5+ Nh6 35. Qg6 Bd6 36. Qxe4 Be5 37. Rf3 Qd3 38. Qxd3 Rxd3 39. e4 Rd2 40. Ra3 Ng4 41. Kf1 Bd4 42. Rb8+ Kh7 43. Rd8 Rf2+ 44. Ke1 Bb6 45. Rg3 Rf4 46. Kd2 Rxe4 47. Rd7 Ra4 48. Kc2 f5 49. Kb3 Ra5 50. Re7 Bc5 51. Rxc7 Ra3+ 52. Kc4 Rxg3 53. Rxc5 Rxg2 54. Kb5 f4 55. Rf5 Rf2 56. a4 f3 57. Ka6 Ra2 58. Rxf3 Rxa4+ 59. Kb5 Ra2 60. h5 Kh6 61. Rf7 Nf6 62. Kc6 Nxh5 63. Kd6 a5 64. Ke7 a4 65. Kf8 a3 66. Kg8 Nf6+ 67. Kh8 Nh5 68. Kg8 Rb2 69. Ra7 a2 70. Ra6+ Nf6+ 71. Kf7 Rb7+ 72. Kf8 Kg6 73. Rxa2 Rf7# 0-1

[Event "17th Asian Continental-ch Women 2018"]
[Site "Makati City"]
[Date "2018.12.16"]
[Round "7.10"]
[White "Nandhidhaa, P V"]
[Black "Mendoza, Shania Mae"]
[Result "1/2-1/2"]
[ECO "A00"]
[WhiteElo "2267"]
[BlackElo "2165"]
[PlyCount "102"]
[EventDate "2018.12.07"]
[EventType "swiss"]
[EventCountry "PHI"]
[TimeControl "40/5400+30:1800+30"]

1. Nf3 d5 2. g3 Bg4 3. Bg2 Nd7 4. O-O e5 5. c4 d4 6. h3 Bxf3 7. Bxf3 c6 8. d3 Ngf6 9. e3 Be7 10. exd4 exd4 11. Re1 O-O 12. Nd2 a5 13. Bg2 Nc5 14. Nf3 Re8 15. b3 Bf8 16. Rxe8 Nxe8 17. Bb2 Ne6 18. a3 N8c7 19. h4 f5 20. Qe2 Qf6 21. Re1 Bd6 22. Bh3 Re8 23. Qd2 b6 24. Ng5 h6 25. Nxe6 Rxe6 26. Rxe6 Nxe6 27. Qe2 c5 28. Bc1 Nf8 29. Bg2 Kh7 30. Bd5 Qe5 31. Qf3 Nd7 32. Bc6 Nf6 33. Kg2 Qe6 34. Bb7 Bc7 35. Bd2 Bb8 36. Qd1 Bd6 37. Qf3 Bb8 38. Bc6 Bd6 39. h5 Bc7 40. Bb7 Bb8 41. b4 axb4 42. axb4 Bc7 43. bxc5 bxc5 44. Qd1 Qf7 45. Bf3 Qe8 46. Qb3 Ng4 47. Qb7 Bb8 48. Qd5 Qxh5 49. Bxg4 Qxg4 50. Qxc5 Bxg3 51. fxg3 Qe2+ 1/2-1/2

[Event "17th Asian Continental-ch Women 2018"]
[Site "Makati City"]
[Date "2018.12.16"]
[Round "7.11"]
[White "Frayna, Janelle Mae"]
[Black "Doroy Allaney Jia G"]
[Result "1-0"]
[ECO "A00"]
[WhiteElo "2228"]
[BlackElo "1972"]
[PlyCount "71"]
[EventDate "2018.12.07"]
[EventType "swiss"]
[EventCountry "PHI"]
[TimeControl "40/5400+30:1800+30"]

1. d4 Nf6 2. c4 g6 3. Nf3 Bg7 4. g3 O-O 5. Bg2 d6 6. O-O c5 7. d5 e6 8. Nc3 exd5 9. cxd5 Na6 10. Re1 Nc7 11. a4 b6 12. Bf4 Nh5 13. Bg5 f6 14. Bc1 f5 15. e4 fxe4 16. Ng5 Bb7 17. Ngxe4 Qd7 18. Be3 a6 19. Ng5 Be5 20. f4 Bf6 21. Bh3 Qd8 22. Qb3 h6 23. Ne6 Nxe6 24. Bxe6+ Kh7 25. f5 g5 26. Ne4 Be5 27. Bf2 Rb8 28. Rad1 Nf6 29. Nd2 Ng4 30. Nc4 Nxf2 31. Nxe5 Nxd1 32. Nd7 Nxb2 33. Qxb2 Qc7 34. f6 c4 35. Qc2+ Kh8 36. Qg6 1-0

[Event "17th Asian Continental-ch Women 2018"]
[Site "Makati City"]
[Date "2018.12.16"]
[Round "7.12"]
[White "Makhija, Aashna"]
[Black "Karenza, Dita"]
[Result "0-1"]
[ECO "A00"]
[WhiteElo "2181"]
[BlackElo "1944"]
[PlyCount "122"]
[EventDate "2018.12.07"]
[EventType "swiss"]
[EventCountry "PHI"]
[TimeControl "40/5400+30:1800+30"]

1. e4 c5 2. c3 g6 3. d4 cxd4 4. cxd4 d5 5. e5 Nc6 6. Bb5 Bg7 7. Nc3 Nh6 8. h3 O-O 9. Nf3 f6 10. exf6 exf6 11. O-O g5 12. Qb3 Be6 13. Bxc6 bxc6 14. Na4 Re8 15. Bd2 Nf7 16. Rac1 Rc8 17. Nc5 Bf5 18. Qa4 Qb6 19. Rc3 Nd6 20. Rfc1 h5 21. Rb3 Qc7 22. Qa6 Bf8 23. Nb7 Nc4 24. Na5 Nxd2 25. Nxd2 Qf4 26. Rf3 Qxd2 27. Nb3 Re1+ 28. Kh2 Bd6+ 29. g3 Qe2 30. Qxe2 Rxe2 31. Rxf5 Kf7 32. Kg1 Ke6 33. Rf3 Rxb2 34. Rfc3 Rxa2 35. Rxc6 Rxc6 36. Rxc6 Kd7 37. Rc3 a5 38. Nc5+ Bxc5 39. Rxc5 Kd6 40. Rc8 a4 41. Ra8 Kc6 42. Rc8+ Kb5 43. Rc5+ Kb4 44. Rxd5 Rd2 45. Rd6 a3 46. Rb6+ Kc3 47. Ra6 a2 48. Kg2 Kb2 49. Rb6+ Kc1 50. Ra6 Kb1 51. Rb6+ Rb2 52. Ra6 a1=Q 53. Rxa1+ Kxa1 54. Kf3 f5 55. h4 Rb3+ 56. Ke2 gxh4 57. gxh4 Rh3 58. d5 Rxh4 59. Ke3 Re4+ 60. Kd3 h4 61. d6 Re6 0-1

[Event "17th Asian Continental-ch Women 2018"]
[Site "Makati City"]
[Date "2018.12.16"]
[Round "7.13"]
[White "Alinasab, Mobina"]
[Black "Zhang, Xiao"]
[Result "0-1"]
[ECO "A00"]
[WhiteElo "2295"]
[BlackElo "2017"]
[PlyCount "114"]
[EventDate "2018.12.07"]
[EventType "swiss"]
[EventCountry "PHI"]
[TimeControl "40/5400+30:1800+30"]

1. e4 c6 2. Nc3 d5 3. Nf3 Nf6 4. e5 Ne4 5. Ne2 Qb6 6. d4 e6 7. Ng3 c5 8. Bd3 Nxg3 9. fxg3 h6 10. O-O c4 11. Be2 Nc6 12. c3 Bd7 13. Kh1 O-O-O 14. b3 cxb3 15. axb3 Be7 16. Bd2 g5 17. Ne1 Rdf8 18. Nd3 Kb8 19. Bh5 f6 20. exf6 Bxf6 21. Nc5 Bc8 22. Bg4 Nd8 23. Bc1 Bg7 24. Rxf8 Rxf8 25. Ba3 Qc6 26. Nd3 Rh8 27. Ne5 Qc7 28. Qe2 Nc6 29. Ng6 Rg8 30. Bh5 e5 31. dxe5 Nxe5 32. Ne7 Rd8 33. Nxc8 Qxc8 34. Qe3 b6 35. Be2 Nc6 36. Ba6 Qc7 37. Rf1 Qe5 38. Qf3 Rd7 39. Qg4 Kc7 40. Bb2 Qe4 41. Qf3 Qc2 42. Qe2 Qxb3 43. Bc1 Qa4 44. Bb5 Qe4 45. Qa2 a5 46. Ba3 Be5 47. Qb3 Qg6 48. Rb1 Rd8 49. h3 g4 50. h4 Bxg3 51. c4 Bxh4 52. cxd5 Bf2 53. g3 Qe4+ 54. Kh2 Rxd5 55. Be7 Nxe7 56. Be8 Qd3 57. Rc1+ Bc5 0-1

[Event "17th Asian Continental-ch Women 2018"]
[Site "Makati City"]
[Date "2018.12.16"]
[Round "7.14"]
[White "San Diego, Jerlyn Mae"]
[Black "Secopito, Catherine"]
[Result "0-1"]
[ECO "A00"]
[WhiteElo "1932"]
[BlackElo "2145"]
[PlyCount "124"]
[EventDate "2018.12.07"]
[EventType "swiss"]
[EventCountry "PHI"]
[TimeControl "40/5400+30:1800+30"]

1. e4 e6 2. d4 b6 3. Nc3 Bb7 4. f4 Bb4 5. Bd3 f5 6. Qe2 Qh4+ 7. g3 Qe7 8. Nf3 c5 9. O-O Bxc3 10. bxc3 fxe4 11. Bxe4 d5 12. Bd3 c4 13. Bxc4 dxc4 14. Qxc4 Ba6 15. Qa4+ Qd7 16. Qxd7+ Nxd7 17. Re1 O-O-O 18. Ng5 Nh6 19. Nxe6 Rde8 20. Bb2 Rhg8 21. Ng5 Nf6 22. h3 Nf5 23. Kf2 h6 24. Nf7 Ne4+ 25. Kg2 Nexg3 26. Nd6+ Nxd6 27. Kxg3 Nc4 28. Rxe8+ Rxe8 29. Rb1 Re2 30. a4 Bb7 31. h4 Rxc2 32. Bc1 Rg2+ 33. Kh3 Nd6 34. Rb2 Rxb2 35. Bxb2 h5 36. Bc1 a5 37. Be3 Nc4 38. Bc1 Bc6 39. f5 Bd7 40. Kg3 Bxf5 41. Kf4 g6 42. d5 Kd7 43. Kf3 Kd6 44. Ke2 Bc2 45. Bf4+ Kxd5 46. Bg5 Bxa4 47. Kd3 Bb3 48. Bf4 a4 49. Bc1 a3 50. Bxa3 Nxa3 51. c4+ Bxc4+ 52. Kc3 b5 53. Kb2 b4 54. Ka1 Kd4 55. Kb2 b3 56. Ka1 Nc2+ 57. Kb2 Nb4 58. Ka3 Kc3 59. Ka4 b2 60. Ka5 b1=Q 61. Kb6 Nd5+ 62. Kc6 Qb6+ 0-1

[Event "17th Asian Continental-ch Women 2018"]
[Site "Makati City"]
[Date "2018.12.16"]
[Round "7.15"]
[White "Bach, Ngoc Thuy Duong"]
[Black "Bernales, Christy Lamiel"]
[Result "0-1"]
[ECO "A00"]
[WhiteElo "2131"]
[BlackElo "1996"]
[PlyCount "50"]
[EventDate "2018.12.07"]
[EventType "swiss"]
[EventCountry "PHI"]
[TimeControl "40/5400+30:1800+30"]

1. d4 Nf6 2. c4 g6 3. Nc3 Bg7 4. e4 d6 5. Nf3 O-O 6. Be2 Nc6 7. O-O e5 8. d5 Ne7 9. b4 Nh5 10. g3 f5 11. Ng5 Nf6 12. f3 b6 13. Be3 Nh5 14. Bf2 a5 15. a3 axb4 16. axb4 Rxa1 17. Qxa1 Nxd5 18. Nxd5 Qxg5 19. Nxc7 fxe4 20. fxe4 Nf4 21. Qa2 Nh3+ 22. Kg2 Nxf2 23. Rxf2 Bh3+ 24. Kg1 Qc1+ 25. Bf1 Qxf1+ 0-1

[Event "17th Asian Continental-ch Women 2018"]
[Site "Makati City"]
[Date "2018.12.16"]
[Round "7.16"]
[White "San Diego, Marie Antoinette"]
[Black "Doan, Thi Van Anh"]
[Result "0-1"]
[ECO "A00"]
[WhiteElo "2111"]
[BlackElo "1950"]
[PlyCount "110"]
[EventDate "2018.12.07"]
[EventType "swiss"]
[EventCountry "PHI"]
[TimeControl "40/5400+30:1800+30"]

1. d4 d5 2. c4 dxc4 3. Nf3 c6 4. e3 b5 5. a4 e6 6. b3 b4 7. Bxc4 a5 8. O-O Nf6 9. Bb2 Be7 10. Nbd2 O-O 11. Qc2 Qb6 12. Bd3 h6 13. Rac1 Bb7 14. Ne5 Nfd7 15. Ne4 Nxe5 16. dxe5 c5 17. Nxc5 Rc8 18. Bd4 Bxc5 19. Bxc5 Qc6 20. f3 Nd7 21. Bd4 Nxe5 22. Bxe5 Qd5 23. Bh7+ Kh8 24. Qe4 Rxc1 25. Rxc1 Qd2 26. Qxb7 Qxe3+ 27. Kf1 Qxc1+ 28. Ke2 Rd8 29. Bd3 Qg5 30. f4 Qh5+ 31. Qf3 Qxh2 32. Qg4 Rg8 33. Kf2 Qh1 34. Ke2 Qh2 35. Kf2 Qh1 36. Bb2 Qh2 37. f5 Qd6 38. Qh4 exf5 39. Qh3 Rd8 40. Kg1 Qf4 41. Bf1 Rd1 42. Qf3 Qxf3 43. gxf3 Rb1 44. Bd4 Rxb3 45. Kf2 Ra3 46. Bb5 b3 47. Kg3 Ra2 48. Be5 Rd2 49. Bc3 b2 50. Bxd2 b1=Q 51. Bxa5 g5 52. Bb6 Kg7 53. Kf2 h5 54. Bd4+ Kg6 55. Be2 Qb4 0-1

[Event "17th Asian Continental-ch Women 2018"]
[Site "Makati City"]
[Date "2018.12.16"]
[Round "7.17"]
[White "Anisa, Aay Aisyah"]
[Black "Nithyalakshmi, Sivanesan"]
[Result "1-0"]
[ECO "A00"]
[WhiteElo "1985"]
[BlackElo "1942"]
[PlyCount "69"]
[EventDate "2018.12.07"]
[EventType "swiss"]
[EventCountry "PHI"]
[TimeControl "40/5400+30:1800+30"]

1. e4 d6 2. d4 g6 3. h4 Nf6 4. Nc3 Bg7 5. Be2 h5 6. Nf3 a6 7. Ng5 b5 8. Qd3 Nbd7 9. a4 bxa4 10. e5 dxe5 11. dxe5 Nxe5 12. Qxd8+ Kxd8 13. f4 Nfd7 14. fxe5 Nxe5 15. Bf4 Ke8 16. Rxa4 Bb7 17. O-O Rf8 18. Bxe5 Bxe5 19. Bd3 f5 20. Re1 Bd6 21. Rea1 Bc5+ 22. Kf1 Rf6 23. Bb5+ Kd8 24. Bc4 Kd7 25. Rd1+ Rd6 26. Be6+ Kc6 27. Rxd6+ cxd6 28. Bf7 e5 29. b4 Bd4 30. Nd5 Rd8 31. c4 Kd7 32. Bxg6 f4 33. Bxh5 Rh8 34. Bg4+ Kc6 35. h5 1-0

[Event "17th Asian Continental-ch Women 2018"]
[Site "Makati City"]
[Date "2018.12.16"]
[Round "7.18"]
[White "Mordido, Kylen Joy"]
[Black "Galas, Bernadette"]
[Result "1/2-1/2"]
[ECO "A00"]
[WhiteElo "2045"]
[BlackElo "2100"]
[PlyCount "80"]
[EventDate "2018.12.07"]
[EventType "swiss"]
[EventCountry "PHI"]
[TimeControl "40/5400+30:1800+30"]

1. c4 e6 2. d4 d5 3. cxd5 exd5 4. Nf3 Nf6 5. Nc3 c6 6. Bf4 Bd6 7. Bg3 O-O 8. e3 Ne4 9. Nxe4 dxe4 10. Bxd6 Qxd6 11. Nd2 Qe7 12. Bc4 Nd7 13. O-O Nf6 14. f3 exf3 15. Qxf3 Qb4 16. Qe2 b5 17. Bb3 Re8 18. Qd3 Be6 19. Bc2 Bc4 20. Nxc4 bxc4 21. Qe2 c5 22. d5 c3 23. b3 Qd4 24. exd4 Rxe2 25. Bd1 Rd2 26. dxc5 Rc8 27. b4 Nxd5 28. Bb3 Nxb4 29. Rxf7 Kh8 30. Rc1 c2 31. a3 Nd3 32. Rxc2 Rd1+ 33. Rf1 Rxf1+ 34. Kxf1 Nxc5 35. Bd5 g5 36. h3 Kg7 37. Ke2 Kf6 38. Ke3 Ke5 39. Bf3 Rc7 40. Rc4 h6 1/2-1/2

[Event "17th Asian Continental-ch Women 2018"]
[Site "Makati City"]
[Date "2018.12.16"]
[Round "7.19"]
[White "Mejia, Cherry Ann"]
[Black "Wang, Ying"]
[Result "1-0"]
[ECO "A00"]
[WhiteElo "1980"]
[BlackElo "1324"]
[PlyCount "95"]
[EventDate "2018.12.07"]
[EventType "swiss"]
[EventCountry "PHI"]
[TimeControl "40/5400+30:1800+30"]

1. e4 c5 2. Nc3 e6 3. f4 d5 4. Nf3 Nc6 5. Bb5 a6 6. Bxc6+ bxc6 7. O-O g6 8. d3 Bg7 9. e5 Ne7 10. b3 a5 11. Ba3 Nf5 12. Bxc5 d4 13. Ne4 Qd5 14. Qe2 Ba6 15. Qf2 O-O-O 16. a4 Bf8 17. Bb6 c5 18. Bxd8 Kxd8 19. Qd2 Qc6 20. Qxa5+ Ke7 21. Qxc5+ Qxc5 22. Nxc5 Bc8 23. a5 Ne3 24. Rfc1 Nd5 25. Nxd4 Bh6 26. g3 g5 27. c4 Nc7 28. fxg5 Bxg5 29. Re1 Na6 30. Ne4 Bh6 31. Rab1 Nb4 32. Nc5 Bd2 33. Re2 Bh6 34. Nb5 Na6 35. Nxa6 Bxa6 36. d4 Rb8 37. Nd6 Bf8 38. b4 Kd7 39. b5 Bxd6 40. exd6 Kxd6 41. Reb2 Bc8 42. a6 e5 43. dxe5+ Kc5 44. a7 Ra8 45. b6 Bb7 46. Rd1 Re8 47. Rd7 Bc6 48. b7 1-0

[Event "17th Asian Continental-ch Women 2018"]
[Site "Makati City"]
[Date "2018.12.17"]
[Round "8"]
[White "Gong, Qianyun"]
[Black "Wang, Jue"]
[Result "1-0"]
[ECO "A45"]
[WhiteElo "2312"]
[BlackElo "2367"]
[Annotator "NA"]
[PlyCount "131"]
[EventDate "2018.12.07"]
[EventType "swiss"]
[EventCountry "PHI"]
[SourceTitle "playchess.com"]
[Source "ChessBase"]
[SourceQuality "1"]
[TimeControl "40/5400+30:1800+30"]

1. d4 Nf6 2. Bf4 g6 3. Nc3 d5 {[%emt 0:00:06] A45: Trompowsky Attack} (3... c5 4. dxc5 Qa5 5. a3 Qxc5 6. e4 Bg7 7. Nf3 d6 8. h3 O-O 9. Qd2 b6 10. O-O-O Bb7 11. Be3 {1-0 (48) Nabaty,T (2692)-Almasi,Z (2702) Batumi 2018}) 4. e3 Bg7 5. h4 c6 6. Be2 {[%emt 0:00:34] LiveBook: 40 Games} Qb6 7. b3 $146 ({Predecessor:} 7. a3 h6 8. Nf3 Bg4 9. Qd2 Ne4 10. Nxe4 dxe4 11. Ne5 Bxe2 12. Qxe2 {½-½ (35) Berzinsh,R (2434)-Neiksans,A (2586) Olaine 2017}) 7... h5 8. Nf3 Bg4 9. Ne5 Bxe2 10. Qxe2 Nbd7 11. O-O-O e6 12. f3 Rc8 13. g4 hxg4 14. fxg4 c5 15. g5 Nh5 16. Na4 Qb4 17. Nxd7 Kxd7 18. Rhf1 c4 19. Kb1 b5 (19... Rhd8 $11 {keeps the balance.}) 20. Nb2 $2 {[%emt 0:01:11] [#]} (20. c3 $16 {is necessary to keep the advantage.} Qa5 21. Nc5+ Rxc5 22. b4 {[%mdl 64] Double Attack}) 20... Qc3 $2 (20... f5 $1 $17 21. gxf6 Nxf6) 21. Bh2 Rhf8 22. Rf3 Qb4 23. e4 Rce8 (23... f5 $1 $14 24. a3 Qa5 25. exf5 exf5) 24. Re3 (24. Qg2 $18 dxe4 25. Rh3) 24... f5 $1 25. c3 Qa3 $2 (25... Qa5 $1 $14) 26. exd5 ({Weaker is} 26. bxc4 dxc4 27. exf5 Rxf5 $16) 26... exd5 27. Re1 Re4 28. bxc4 ({Not} 28. Rxe4 fxe4 29. Qg4+ Ke7 $11) 28... bxc4 {[%emt 0:03:42] [#]} 29. Nxc4 $1 Qa4 30. Nd2 ({Weaker is} 30. Rxe4 dxe4 31. Nd2 Re8 $16) 30... Rc8 $2 (30... Rfe8 31. Nxe4 dxe4) 31. Rxe4 dxe4 {[%emt 0:00:28] [#]} 32. Nxe4 $1 fxe4 33. Qxe4 Qb5+ 34. Ka1 Bf8 35. Qe6+ Kd8 36. Qxg6 $2 (36. Qf7 {mates} Ng3 37. Bxg3 Bd6 38. Bxd6 Rxc3 39. Qg8+ Kd7 40. Re7+ Kc6 41. Rc7+ Kb6 42. Qb8+ {[%mdl 64] Double Attack} Ka5 43. Rxa7+ Qa6 44. Qb4#) 36... Qc6 37. Qxc6 Rxc6 38. Kb2 Rb6+ 39. Kc2 Ra6 40. Kb3 Rb6+ 41. Kc4 Kd7 42. Rf1 Ke8 43. Be5 Rc6+ 44. Kd3 Bg7 45. Bxg7 Nxg7 46. Rf2 Ke7 47. c4 Rc8 48. g6 Ke6 49. Rf7 Nh5 50. c5 Rg8 51. Rxa7 {[%emt 0:00:24] Decoy} Nf4+ 52. Kc4 Nxg6 53. d5+ Ke5 54. h5 Nf4 55. Re7+ Kf6 56. d6 Rc8 57. d7 Rxc5+ 58. Kxc5 Kxe7 59. Kc6 Ne6 60. h6 Nd8+ 61. Kc7 Ne6+ 62. Kc8 Kf7 63. d8=Q Nxd8 64. Kxd8 Kg6 65. a4 Kxh6 66. a5 1-0

[Event "17th Asian Continental-ch Women 2018"]
[Site "Makati City"]
[Date "2018.12.17"]
[Round "8.4"]
[White "Guo, Qi"]
[Black "Li, Yunshan"]
[Result "0-1"]
[ECO "A00"]
[WhiteElo "2368"]
[BlackElo "2196"]
[PlyCount "138"]
[EventDate "2018.12.07"]
[EventType "swiss"]
[EventCountry "PHI"]
[TimeControl "40/5400+30:1800+30"]

1. d4 d5 2. c4 dxc4 3. Nf3 Nf6 4. e3 c5 5. Bxc4 e6 6. O-O Nc6 7. Qe2 a6 8. Rd1 b5 9. Bb3 c4 10. Bc2 Nb4 11. b3 Nxc2 12. Qxc2 cxb3 13. axb3 Bb7 14. Nbd2 Bd6 15. e4 Rc8 16. Qd3 Bb4 17. Bb2 O-O 18. Rac1 Qe7 19. h3 h6 20. Re1 Rfd8 21. Qb1 Nh5 22. Qd3 Nf6 23. Qe3 Nd7 24. Red1 Nf6 25. Kh1 a5 26. Qd3 a4 27. bxa4 bxa4 28. Rxc8 Rxc8 29. Ra1 Ra8 30. Rc1 Ba6 31. Qe3 a3 32. Ba1 Rc8 33. Rxc8+ Bxc8 34. Qf4 Qb7 35. d5 Bxd2 36. Nxd2 a2 37. Kh2 exd5 38. exd5 Nxd5 39. Qa4 Qc7+ 40. g3 Qc5 41. Bd4 Qb4 42. Qe8+ Qf8 43. Qa4 Nb4 44. Ne4 Qe7 45. Nc5 Qe1 46. Qa8 Qe8 47. Bc3 Qc6 48. Qxc6 Nxc6 49. Nb3 Be6 50. Na1 g5 51. g4 Ne7 52. Kg3 Ng6 53. Bf6 Bd5 54. f3 Kh7 55. Nc2 Bc4 56. Na1 Be2 57. Nc2 Bd1 58. Na1 Nf4 59. h4 Nd5 60. Bd8 gxh4+ 61. Bxh4 f6 62. Kg2 Kg6 63. Be1 Nf4+ 64. Kg3 Ne2+ 65. Kf2 Nd4 66. f4 Bxg4 67. Bc3 Ne2 68. Bb2 Nxf4 69. Kg3 Nd3 0-1

[Event "17th Asian Continental-ch Women 2018"]
[Site "Makati City"]
[Date "2018.12.17"]
[Round "8.5"]
[White "Aulia, Medina Warda"]
[Black "Munkhzul, Turmunkh"]
[Result "0-1"]
[ECO "A00"]
[WhiteElo "2366"]
[BlackElo "2255"]
[PlyCount "162"]
[EventDate "2018.12.07"]
[EventType "swiss"]
[EventCountry "PHI"]
[TimeControl "40/5400+30:1800+30"]

1. e4 e5 2. Nf3 Nc6 3. Bb5 a6 4. Ba4 Nf6 5. O-O Nxe4 6. Re1 Nc5 7. Bxc6 dxc6 8. Nxe5 Ne6 9. d4 Be7 10. c3 O-O 11. a4 c5 12. d5 f6 13. Nc4 Ng5 14. Bf4 Nf7 15. Nbd2 Re8 16. Ne4 Bf5 17. Ng3 Bg6 18. Qf3 Nd6 19. Bxd6 Bxd6 20. Nf5 Bf8 21. h4 Rxe1+ 22. Rxe1 Qd7 23. Nfe3 Re8 24. b3 Be4 25. Qd1 Bxd5 26. Re2 Be6 27. Rd2 Qf7 28. a5 f5 29. Qf3 c6 30. g3 Qf6 31. Rd3 Be7 32. Qf4 h6 33. Qc7 f4 34. Qxf4 Qxf4 35. gxf4 Bxh4 36. f5 Bxc4 37. Nxc4 Rd8 38. Re3 Bg5 39. Re6 Rd7 40. Nd6 Be7 41. Nc4 Bf6 42. Re3 Kh7 43. f4 h5 44. Kg2 Rd1 45. Ne5 Rd8 46. c4 Kg8 47. Kf3 Bxe5 48. fxe5 Rd4 49. Re1 Kf7 50. Re3 Ke7 51. e6 h4 52. Kg2 Rf4 53. Re5 g6 54. fxg6 Rg4+ 55. Kh2 Rxg6 56. Rh5 Rg7 57. Rh6 Kd6 58. Kh3 Rg3+ 59. Kxh4 Rxb3 60. Kg5 Rf3 61. Rh7 Kxe6 62. Rxb7 Ke5 63. Ra7 Rg3+ 64. Kh4 Ra3 65. Rxa6 Kd4 66. Kg4 Kxc4 67. Kf4 Kb5 68. Rb6+ Kxa5 69. Rxc6 Kb5 70. Rc8 Rd3 71. Ke4 Rd7 72. Rb8+ Kc4 73. Ke3 Kc3 74. Ke4 c4 75. Rc8 Kb3 76. Rb8+ Kc2 77. Rh8 c3 78. Rh2+ Kb1 79. Rh1+ Kb2 80. Rh8 c2 81. Rb8+ Kc1 0-1

[Event "17th Asian Continental-ch Women 2018"]
[Site "Makati City"]
[Date "2018.12.17"]
[Round "8.6"]
[White "Nguyen, Thi Thanh An"]
[Black "Li, Xueyi"]
[Result "0-1"]
[ECO "A00"]
[WhiteElo "2262"]
[BlackElo "2187"]
[PlyCount "80"]
[EventDate "2018.12.07"]
[EventType "swiss"]
[EventCountry "PHI"]
[TimeControl "40/5400+30:1800+30"]

1. d4 d5 2. c4 c6 3. Nc3 e6 4. e4 dxe4 5. Nxe4 Bb4+ 6. Nc3 c5 7. Nf3 Ne7 8. a3 Ba5 9. Be2 cxd4 10. Nxd4 O-O 11. b4 Bc7 12. Be3 a6 13. O-O Ng6 14. g3 f5 15. f4 e5 16. Nc2 Nd7 17. Nd5 exf4 18. gxf4 Nf6 19. Qe1 Nxd5 20. Rd1 Ngxf4 21. Bxf4 Bxf4 22. cxd5 Bd6 23. Nd4 Rf6 24. Rf2 Bd7 25. Kh1 Kh8 26. Rg2 Qe7 27. Qf2 a5 28. Ne6 Bxe6 29. dxe6 axb4 30. axb4 Rxe6 31. Bc4 Rh6 32. b5 Bxh2 33. Rxh2 Qe4+ 34. Qg2 Rxh2+ 35. Kxh2 Qxc4 36. Qf2 h6 37. b6 Ra2 38. Rd2 Rxd2 39. Qxd2 Qh4+ 40. Kg2 Qg5+ 0-1